 Dungeon Crawl Stone Soup version 0.27.0-1-g7a089689b8 (webtiles) character file.

Game seed: 13267755335772127191

11 SkeletonJelly the Ducker (level 2, -10/16 HPs)
             Began as a Spriggan Abyssal Knight on Aug 15, 2021.
             Was a Follower of Lugonu.
             Mangled by a large abomination (11 damage)
             ... on level 1 of the Abyss.
             The game lasted 00:01:05 (165 turns).

SkeletonJelly the Ducker (Spriggan Abyssal Knight)   Turns: 165, Time: 00:01:05

Health: -10/16     AC:  2    Str:  8    XL:     2   Next: 13%
Magic:  4/4        EV: 17    Int: 13    God:    Lugonu [*.....]
Gold:   0          SH:  0    Dex: 14    Spells: 1/1 levels left

rFire    . . .     SeeInvis +   a - +1 short sword
rCold    . . .     Faith    .   (shield restricted)
rNeg     . . .     Spirit   .   b - +0 robe
rPois    .         Reflect  .   (helmet restricted)
rElec    .         Harm     .   (no cloak)
rCorr    .         Rampage  .   (gloves unavailable)
Will     .....                  (boots unavailable)
Stlth    +.........             (no amulet)
HPRegen  0.05/turn              (no ring)
MPRegen  0.09/turn              (no ring)

@: very quick
A: very small, no large weapons, unfitting armour, see invisible, speed 3
a: Renounce Religion, Depart the Abyss


You were on level 1 of the Abyss.
You worshipped Lugonu.
Lugonu was aware of your devotion.
You visited 0 branches of the dungeon, and saw 0 of its levels.
You visited the Abyss 1 time.

Inventory:

Hand Weapons
 a - a +1 short sword (weapon)
Armour
 b - a +0 robe (worn)


   Skills:
 + Level 2.5 Fighting
 + Level 2.4 Short Blades
 + Level 3.4 Dodging
 + Level 2.0 Invocations


You had one spell level left.
You didn't know any spells.
Your spell library was empty.

Dungeon Overview and Level Annotations

Branches:
Dungeon (0/15)

Altars:


Innate Abilities, Weirdness & Mutations

You are very small and have problems with some larger weapons.
You are too small for most types of armour.
You have supernaturally acute eyesight. (SInv)
You cover ground extremely quickly. (Speed+++)


Message History

Welcome, SkeletonJelly the Spriggan Abyssal Knight.
Will you prevail where others failed? Will you find the Orb of Zot?
Lugonu says: Depart the Abyss and spread corruption, my servant! (use the ability menu to exit the Abyss) Press ? for a list of commands and other information.
Found a corrupted altar of Lugonu.
c - a scroll labelled SUS HUOREYVVEG
Found a gateway leading out of the Abyss.
Found a short sword.
A tentacled starspawn comes into view.
Why would you want to do that? Why would you want to do that?
A large abomination comes into view.
A large abomination is nearby!
A large abomination is nearby!
A large abomination is nearby!
A large abomination is nearby!
Why would you want to do that? Why would you want to do that?
A purple draconian shifter comes into view.
It is wielding a +0 short sword.
The purple draconian shifter roars!
The purple draconian shifter breathes dispelling energy at you.
The bolt of dispelling energy misses you.
The purple draconian shifter breathes dispelling energy at you.
The bolt of dispelling energy misses you.
The purple draconian shifter blinks!
The purple draconian shifter blinks!
Found a gateway leading deeper into the Abyss.
Why would you want to do that?
An ufetubus comes into view.
The ufetubus shouts!
An ufetubus comes into view.
A small abomination comes into view.
The ufetubus completely misses you. The ufetubus misses you.
Why would you want to do that? Why would you want to do that?
Why would you want to do that?
You barely miss the ufetubus. The ufetubus barely misses you.
The ufetubus misses you. x2; The ufetubus completely misses you.
You barely miss the ufetubus. The ufetubus misses you.
The ufetubus completely misses you.
You hit the ufetubus but do no damage. The ufetubus misses you. x2
The ufetubus hits you. The ufetubus completely misses you.
You hit the ufetubus.
The ufetubus is lightly wounded.
The ufetubus barely misses you. The ufetubus misses you.
You closely miss the ufetubus.
The ufetubus is lightly wounded.
The ufetubus closely misses you. The ufetubus hits you.
The ufetubus closely misses you. x2
You hit the ufetubus but do no damage.
The ufetubus is lightly wounded.
The ufetubus barely misses you. The ufetubus misses you.
Unknown command.
Unknown command.
Unknown command.
Unknown command.
Unknown command.
Unknown command.
Unknown command.
Unknown command.
Unknown command.
You hit the ufetubus.
The ufetubus is severely wounded.
The ufetubus closely misses you. The ufetubus completely misses you.
You hit the ufetubus.
You kill the ufetubus!
You hit the ufetubus.
The ufetubus is heavily wounded.
The ufetubus completely misses you.
The ufetubus hits you but does no damage.
The ufetubus completely misses you. The ufetubus barely misses you.
You barely miss the ufetubus.
The ufetubus is heavily wounded.
The ufetubus barely misses you. The ufetubus closely misses you.
You barely miss the ufetubus.
The ufetubus is heavily wounded.
The ufetubus hits you. The ufetubus completely misses you.
The ufetubus closely misses you. The ufetubus completely misses you.
You hit the ufetubus.
The ufetubus is severely wounded.
The ufetubus closely misses you. The ufetubus hits you.
* * * LOW HITPOINT WARNING * * *
You hit the ufetubus.
You kill the ufetubus!
Your Invocations skill increases to level 2!
You have reached level 2!
As you read the scroll labelled SUS HUOREYVVEG, it crumbles to dust.
It is a scroll of identify.
You don't have any unidentified items.
You barely miss the large abomination. The large abomination hits you!
Ouch! That really hurt!
You die...

.## # 5...
#....... .. #
#.# ..# #.####
# .#....#..#
... # # . x
##.. .
..#.#..5###
..## ..# #.
...# ###x.#..
... #@X##. ..
#. #≈≈#≈≈≈≈#≈≈.
#≈≈≈≈≈≈≈≈≈≈≈≈#.
..≈≈≈##≈≈≈≈≈≈≈#
#.#≈≈≈ ≈≈≈≈#≈ #
#. #≈≈≈ ≈≈≈≈≈≈≈
. .≈≈≈ ≈≈≈ ≈≈
..≈≈≈ ≈≈≈≈≈ ≈


You could see a large abomination and a small abomination.

Vanquished Creatures
  2 ufetubi (Abyss:1)
2 creatures vanquished.

Notes
Turn   | Place    | Note
-------+----------+-------------------------------------------
     0 | Abyss:1  | SkeletonJelly the Spriggan Abyssal Knight began the quest
                  | for the Orb.
     0 | Abyss:1  | Reached XP level 1. HP: 11/11 MP: 3/3
    55 | Abyss:1  | Noticed a tentacled starspawn
   101 | Abyss:1  | Noticed a large abomination
   111 | Abyss:1  | Noticed a purple draconian shifter
   135 | Abyss:1  | Noticed a large abomination
   143 | Abyss:1  | Noticed a small abomination
   164 | Abyss:1  | Reached XP level 2. HP: 1/16 MP: 4/4
   165 | Abyss:1  | Mangled by a large abomination

Illustrated notes

Levels and vault maps discovered:
Abyss:1:  base: Temple, base:
Temple

Skill      XL: |  1 |
---------------+----+-----
Invocations    | 2 |  2.0
Fighting       | |  2.5
Short Blades   | |  2.4
Dodging        | |  3.4

Action                   || total
-------------------------++-------
Melee: Short sword       ||    14
  Use: Scroll            ||     1
Armor: Robe              ||     1
Dodge: Dodged            ||    31
